 Dungeon Crawl Stone Soup version 0.30-a0-54-g2e61a25929 (webtiles) character file.

Game seed: 8912003897207944112

1092 IdlyInterested the Shield-Bearer (level 8, -6/58 HPs)
             Began as a Formicid Gladiator on Sept 8, 2022.
             Mangled by a wyvern (13 damage)
             ... on level 9 of the Dungeon.
             The game lasted 00:19:11 (6751 turns).

IdlyInterested the Shield-Bearer (FoGl)             Turns: 6751, Time: 00:19:11

Health: -6/58      AC:  8    Str: 17    XL:     8   Next: 56%
Magic:  8/8        EV:  8    Int:  8    God:
Gold:   462        SH:  5    Dex: 23    Spells: 7/7 levels left

rFire   . . .      SeeInvis +    k - +8 trident of the Hand {venom, Str-2 Dex+6}
rCold   . . .      Faith    .    (no shield)
rNeg    . . .      Spirit   .    e - +0 chain mail
rPois   .          Reflect  +    (helmet unavailable)
rElec   .          Harm     .    (no cloak)
rCorr   +          Rampage  .    (no gloves)
Will    .....                    (no boots)
Stlth   ..........               p - amulet of reflection
HPRegen 0.19/turn                i - ring of wizardry
MPRegen 0.11/turn                h - ring of resist corrosion

@: mighty
A: permanent stasis, dig shafts and tunnels, antennae 3, four strong arms
a: Dig, Shaft Self


You were on level 9 of the Dungeon.
You visited 1 branch of the dungeon, and saw 7 of its levels.

You collected 462 gold pieces.

Inventory:

Hand Weapons
 a - a +0 war axe
 k - the +8 trident of the Hand (weapon) {venom, Str-2 Dex+6}
   (You found it on level 3 of the Dungeon)

   It poisons the flesh of those it strikes.
   Str:       It affects your strength (-2).
   Dex:       It affects your dexterity (+6).
 s - a +3 flail of holy wrath
 x - a +0 halberd
Missiles
 c - 2 throwing nets
 d - a javelin
 o - 5 poisoned darts (quivered)
Armour
 e - a +0 chain mail (worn)
Jewellery
 f - a ring of wizardry
 h - a ring of resist corrosion (right hand)
 i - a ring of wizardry (left hand)
 n - a ring of fire
 p - an amulet of reflection (around neck)
 v - a ring of see invisible
 w - a ring of positive energy
Wands
 u - a wand of digging (7)
Scrolls
 q - a scroll of amnesia
 r - 3 scrolls of immolation
 t - a scroll of fear
Potions
 g - a potion of invisibility
 j - 2 potions of magic
 l - 3 potions of might
 m - a potion of curing


   Skills:
 - Level 3.0 Fighting
 - Level 4.2(5.4) Axes
 * Level 5.0(5.7) Polearms
 - Level 3.0 Throwing
 + Level 2.3 Armour
 - Level 3.0 Dodging
 * Level 7.7 Shields


You had 7 spell levels left.
You didn't know any spells.
Your spell library contained the following spells:

 Spells                   Type           Power      Damage    Failure   Level
 Call Canine Familiar     Summ           0%         N/A       100%        3
 Lesser Beckoning         Tloc           0%         N/A       100%        3
 Portal Projectile        Hex/Tloc       0%         N/A       100%        3
 Leda's Liquefaction      Hex/Erth       0%         N/A       100%        4
 Manifold Assault         Tloc           0%         N/A       100%        5
 Storm Form               Tmut/Air       0%         N/A       100%        7
 Blink                    Tloc           Unusable   N/A       N/A         2

Dungeon Overview and Level Annotations

Branches:
Dungeon (9/15)
 Temple: D:4-7         Lair: D:8-11         Orc: D:9-12

Altars:
Fedhas
Ru

Shops:
D:1 :


Innate Abilities, Weirdness & Mutations

You cannot be hasted, slowed, berserked, paralysed or teleported.
You can dig through walls and to a lower floor.
You have a pair of large antennae on your head. (SInv)
Your four strong arms can wield two-handed weapons with a shield.


Message History

The killer bee closely misses you.
The killer bee stings you but does no damage.
The killer bee stings you.
You hit the killer bee.
The killer bee is poisoned.
The killer bee is moderately wounded.
You block the killer bee's attack.
The killer bee stings you but does no damage.
The killer bee barely misses you. x2
You closely miss the killer bee.
The killer bee is heavily wounded.
The killer bee stings you but does no damage.
The killer bee stings you. You block the killer bee's attack.
The killer bee stings you but does no damage.
The wyvern hisses menacingly.
You puncture the killer bee!
The killer bee is heavily wounded.
The killer bee closely misses you. The killer bee barely misses you.
The wyvern bites you! The killer bee completely misses you.
The killer bee stings you but does no damage.
An orc warrior comes into view. It is wielding a +0 dire flail.
The orc warrior shouts!
You puncture the killer bee!
You kill the killer bee!
The wyvern bites you! The killer bee barely misses you.
The killer bee stings you but does no damage.
The wyvern bites you!
* * * LOW HITPOINT WARNING * * *
You miss the killer bee. Your punch misses the killer bee.
The killer bee is almost dead.
You kill the killer bee!
The wyvern bites you but does no damage.
Your Polearms skill increases to level 5!
You feel very mighty all of a sudden. The wyvern bites you.
* * * LOW HITPOINT WARNING * * *
You block the wyvern's attack.
You puncture the wyvern!
The wyvern is poisoned.
The wyvern is severely wounded.
The wyvern bites you!
You die...

**,,,* *,,,,,,,*,,,,*,,,,,,,,**
,,,,,* #.......#,,,,*,,,,,,,,,,
,,,,,* #.......######.,,,,,,,,,
,,.,,* #..............,,,,,,,,,
,,..,* #............#,,,,,,,,,,
,,...#####...........#**,,,,,,,,,
,,..................#*{**,,,,,,,,
,,...............l.#*,*,**,,,,,,,
,,..............@.#*,*,*,**,,,,,,
,,.......<.......##,*,*,*,**,,,,,
**#######.......##,*,***,*,**,,,,
,,,,,,,,#......##,*,**{**,*,**,,,
,,,,,,,,#...o.##,*,**,*,**,*,**,,
,,,,,,,,#....##,*,**,*,*,**,*,**,
,,,,,,,,#...##{*,**,*,*,*,**,*,**
,,,,,,,,#..##,*,**,*,**,,*,**,*,*
****,,,,#..#,*,**,*,**,,*,**,*,**


You could see an orc warrior and a wyvern (very poisoned).

Vanquished Creatures
  Edmund (D:5)
  A phantom (D:5)
  A scorpion (D:5)
  3 killer bees (D:9)
  An orc priest (D:5)
  3 hounds
  A gnoll bouda (D:6)
  3 iguanas
  Natasha (thrice) (D:4)
  5 orc wizards
  9 adders
  8 gnolls
  A shadow imp (D:3)
  5 dart slugs
  4 worms
  17 orcs
  10 ball pythons
  A bat (D:1)
  6 endoplasms
  4 giant cockroaches
  7 goblins
  11 hobgoblins
  3 quokkas
  5 frilled lizards
  6 kobolds
  5 rats
124 creatures vanquished.

Notes
Turn   | Place    | Note
-------+----------+-------------------------------------------
     0 | D:1      | IdlyInterested the Formicid Gladiator began the quest for
                  | the Orb.
     0 | D:1      | Reached XP level 1. HP: 16/16 MP: 1/1
    93 | D:1      | Reached skill level 1 in Shields
    95 | D:1      | Reached XP level 2. HP: 14/23 MP: 2/2
   377 | D:1      | Reached XP level 3. HP: 28/28 MP: 3/3
   419 | D:1      | Reached skill level 2 in Shields
   598 | D:1      | Found Hekohomoa's Book Shoppe.
  1251 | D:2      | Reached XP level 4. HP: 33/34 MP: 4/4
  1364 | D:2      | Identified the +6 short sword of Past Mistakes {venom,
                  | Stlth+}
  1463 | D:2      | Found a faded altar of an unknown god.
  1568 | D:2      | Reached skill level 3 in Shields
  2196 | D:3      | Reached XP level 5. HP: 39/41 MP: 5/5
  2901 | D:3      | Identified the +8 trident of the Hand {venom, Str-2 Dex+6}
  3085 | D:4      | Reached skill level 4 in Shields
  3222 | D:4      | Reached skill level 1 in Polearms
  3222 | D:4      | Reached XP level 6. HP: 47/47 MP: 6/6
  3647 | D:4      | Reached skill level 5 in Shields
  3796 | D:4      | Noticed Natasha
  3798 | D:4      | Killed Natasha
  3915 | D:4      | Noticed Natasha
  3920 | D:4      | Killed Natasha
  4822 | D:4      | Noticed Natasha
  4827 | D:4      | Killed Natasha
  4828 | D:4      | Reached XP level 7. HP: 52/52 MP: 7/7
  4845 | D:5      | Entered Level 5 of the Dungeon
  5152 | D:5      | HP: 1/52 [orc priest/divine providence (15)]
  5163 | D:5      | Reached skill level 6 in Shields
  5586 | D:5      | Found a sacrificial altar of Ru.
  5676 | D:5      | Noticed Edmund
  5687 | D:5      | Killed Edmund
  5688 | D:5      | Reached skill level 1 in Armour
  5688 | D:5      | Reached XP level 8. HP: 31/58 MP: 8/8
  6201 | D:5      | Reached skill level 7 in Shields
  6566 | D:6      | Found a blossoming altar of Fedhas.
  6732 | D:6      | You fall into a shaft and drop 3 floors!
  6742 | D:9      | Noticed a wyvern
  6750 | D:9      | Reached skill level 5 in Polearms
  6751 | D:9      | Mangled by a wyvern

Illustrated notes

Levels and vault maps discovered:
D:1:      minmay_arrival_four_loops, layout_loops_cross, serial_shops,
          nicolae_shop_waterfront, skrybe_limestone_x
D:2:      layout_basic, ebering_ecumenical_altar_rust
D:3:      layout_loops_ring, kennysheep_flooded_box
D:4:      layout_basic, uniq_natasha
D:5:      layout_basic, kennysheep_little_box, uniq_edmund
D:6:      layout_rooms, general_overflow_altar, serial_curves, eino_curves_04,
          eino_curves_02, eino_curves_02, minmay_statues_item
D:9:      minmay_inner_zag, layout_irregular_city, enter_bailey_7,
          serial_undead, serial_undead_e, serial_undead_e, serial_undead_f,
          serial_undead_b, serial_undead_d, serial_undead_b

Skill      XL: |  1  2  3  4  5  6  7  8 |
---------------+-------------------------+-----
Shields        | 1 2 3 4 5 6 7 |  7.7
Fighting       | 3 |  3.0
Axes           | 4 |  4.2
Polearms       | 1 2 4 5 |  5.0
Dodging        | 3 |  3.0
Throwing       | 3 |  3.0
Armour         | 1 2 |  2.3

Action                   |  1- 3 |  4- 6 |  7- 9 || total
-------------------------+-------+-------+-------++-------
Melee: War axe           |    61 |    11 |       ||    72
       Short sword       |       |    56 |       ||    56
       Trident           |       |    55 |    95 ||   150
       Punch             |       |     2 |     2 ||     4
Throw: Dart              |       |       |     6 ||     6
       Javelin           |       |       |     1 ||     1
       Throwing net      |       |       |     1 ||     1
 Abil: Dig               |       |       |     2 ||     2
  Use: Scroll            |       |     7 |     8 ||    15
       Potion            |       |       |     3 ||     3
 Stab: Sleeping          |     1 |       |       ||     1
Armor: Leather armour    |     5 |       |       ||     5
       Ring mail         |    15 |     7 |       ||    22
       Chain mail        |       |    37 |    32 ||    69
       Skin              |       |       |     1 ||     1
Dodge: Dodged            |    45 |    56 |    32 ||   133
Block: Other             |       |     8 |    16 ||    24

Table legend: (Time is in decaauts)
 A = Elapsed time spent in this place.
 B = Non-inter-level travel time spent in this place.
 C = Inter-level travel time spent in this place.
 D = Time resting spent in this place.
 E = Time spent auto-exploring this place.
 F = Levels seen in this place.
 G = Mean time per level.
                   A        B        C        D        E       F      G
               +--------+--------+--------+--------+--------+-----+--------+
         Total |   6791 |   5361 |   1430 |   1085 |   3062 |   7 |  970.1 |
       Dungeon |   6791 |   5361 |   1430 |   1085 |   3062 |   7 |  970.1 |
               +--------+--------+--------+--------+--------+-----+--------+

Top non-repeatable levels by time:
     D:4: 1764 daAuts
     D:5: 1344 daAuts
     D:1: 1253 daAuts
     D:2: 1027 daAuts
     D:3: 905 daAuts
     D:6: 476 daAuts
     D:9: 18 daAuts
